 Dungeon Crawl Stone Soup version 0.18-a0-1035-g72c9994 (webtiles) character file.

1119 tof the Covert (level 8, -6/59 HPs)
             Began as an Octopode Assassin on Jan 9, 2016.
             Mangled by an ice beast (7 damage)
             ... on level 4 of the Dungeon.
             The game lasted 00:23:18 (6749 turns).

tof the Covert (Octopode Assassin)                  Turns: 6749, Time: 00:23:19

Health: -6/59      AC:  1    Str: 10    XL:     8   Next: 34%
Magic:  0/8        EV: 14    Int: 14    God:
Gold:   358        SH:  0    Dex: 13    Spells: 0 memorised, 7 levels left

rFire  . . .     SeeInvis .     a - +0 short sword (drain)
rCold  . . .     Gourm    .     (no shield)
rNeg   + . .     Faith    .     (helmet restricted)
rPois  .         Spirit   +     i - amulet of guardian spirit
rElec  .         Dismiss  .     B - ring of positive energy
rCorr  .         Reflect  .     (no ring)
SustAt .         Harm     .     (no ring)
MR     .....                    (no ring)
Stlth  ++++++....               (no ring)
                                (no ring)
                                (no ring)
                                (no ring)

@: not resistant to hostile enchantments, very stealthy
A: almost no armour, amphibious, 8 rings, constrict 8, camouflage 1, blurry
vision 1, clumsy 1, robust 1, gelatinous body 1
a: no special abilities


You were on level 4 of the Dungeon.
You were very hungry.

You visited 1 branch of the dungeon, and saw 5 of its levels.

You collected 358 gold pieces.

Inventory:

Hand Weapons
 a - a +0 short sword of draining (weapon)
 b - a +0 blowgun
 c - a -1 dagger
 j - a +2 dagger
Missiles
 h - a curare-tipped needle
 A - 3 poisoned needles
Jewellery
 i - an amulet of guardian spirit (around mantle)
 B - a ring of positive energy (left tentacle)
Wands
 u - a wand of frost (30/48)
Scrolls
 g - a scroll of amnesia {unknown}
 p - a scroll of remove curse
 t - a scroll of immolation {unknown}
 v - a scroll of teleportation
 w - a scroll of noise {unknown}
 y - a scroll of fear {unknown}
Potions
 l - 2 potions of curing
 q - 2 potions of invisibility
 r - a potion of brilliance
 s - a potion of agility
 z - a potion of cure mutation
Books
 n - a book of Maledictions

   Spells                             Type                      Level
   a - Corona                         Hexes                        1
   b - Ensorcelled Hibernation        Hexes/Ice                    2
   c - Confuse                        Hexes                        3
   d - Tukima's Dance                 Hexes                        3
   e - Dazzling Spray                 Conjuration/Hexes            3
Comestibles
 d - a beef jerky
 f - 4 bread rations
 k - 2 meat rations
 o - 9 fruits


   Skills:
 + Level 3.7 Fighting
 + Level 3.2 Short Blades
 + Level 3.9 Throwing
 + Level 4.7 Dodging
 * Level 10.3 Stealth


You had 7 spell levels left.
You didn't know any spells.

Dungeon Overview and Level Annotations

Branches:
Dungeon (5/15)
 Temple: D:4-7

Altars:
Yredelemnul
The Shining One
Beogh

Shops:
D:4 %

Annotations:
D:3 dvd's ghost, amateur HEHu


Innate Abilities, Weirdness & Mutations

You cannot wear most types of armour.
You are amphibious.
You can wear up to eight rings at the same time.
You can use your tentacles to constrict eight enemies at once.
Your skin changes colour to match your surroundings (Stealth).
Your rubbery body absorbs attacks (AC +1).
Scrolls take you a little longer to read.
You are clumsy. (Dex -2)
You are robust (+10% HP).


Message History

The gnoll drinks a potion.
The gnoll suddenly seems more resistant.
The adder misses you.
You barely miss the adder. You grab the adder. You squeeze the adder.
The adder is heavily wounded.
You constrict the adder. The adder bites you.
* * * LOW HITPOINT WARNING * * *
You hit the adder.
You kill the adder!
You hit the ice beast.
The ice beast is lightly wounded.
The ice beast completely misses you.
You closely miss the ice beast.
The ice beast is lightly wounded.
The gnoll hits you from afar with a spear.
* * * LOW HITPOINT WARNING * * *
The ice beast hits you.
* * * LOW HITPOINT WARNING * * *
The ice beast freezes you!
You die...

#################################
..........................P......
.......P................P........
≈≈≈≈≈≈≈≈≈≈≈≈≈≈≈≈≈≈≈≈≈≈≈≈≈≈≈≈≈≈≈≈)
≈≈≈≈≈≈≈≈≈≈≈≈≈≈≈≈≈≈≈≈≈≈≈≈≈≈≈≈≈≈≈≈≈
####≈≈≈≈≈≈≈≈≈≈≈≈≈≈≈≈≈(≈≈≈≈≈≈≈≈≈≈#
...#..........gY@...............#
...##############################
##'#....# #...##...#....'....#
.#.#....########....########....#
.#.#)..........#....#...........#
.#.##''#........%≈≈.........#''##
.#.....#.).......≈≈.........#....
.#.....#.......#....#.......#....
.#.#####'##################'#####


You could see an ice beast and a gnoll.

Vanquished Creatures
  A necrophage (D:5)
  A sky beast (D:5)
  An orc warrior (D:5)
  An ogre (D:4)
  A scorpion (D:4)
  2 orc priests
  4 gnoll shamans (D:4)
  An orc wizard (D:4)
  An iguana (D:5)
  A worker ant (D:5)
  32 gnolls (D:4)
  5 adders
  An ooze (D:2)
  2 worms (D:2)
  3 giant geckos
  8 orcs
  3 giant cockroaches
  7 goblins
  3 hobgoblins
  26 jackals
  10 kobolds
  3 quokkas
  A ball python (D:2)
  4 bats
  2 giant gecko skeletons (D:4)
  A giant newt (D:1)
  4 rats (D:1)
129 creatures vanquished.

Notes
Turn   | Place    | Note
--------------------------------------------------------------
     0 | D:1      | tof the Octopode Assassin began the quest for the Orb.
     0 | D:1      | Reached XP level 1. HP: 14/14 MP: 1/1
   265 | D:1      | Reached XP level 2. HP: 8/19 MP: 2/2
   606 | D:1      | Reached skill level 6 in Stealth
   904 | D:1      | Reached XP level 3. HP: 12/24 MP: 3/3
  1574 | D:2      | Reached skill level 7 in Stealth
  1574 | D:2      | Reached XP level 4. HP: 29/29 MP: 4/4
  2126 | D:3      | Noticed dvd's ghost (amateur HEHu)
  2352 | D:4      | Reached XP level 5. HP: 24/34 MP: 3/5
  2695 | D:4      | Reached skill level 8 in Stealth
  2997 | D:4      | Reached XP level 6. HP: 10/40 MP: 1/6
  3002 | D:4      | Found Zuijog's Food Shop.
  3462 | D:4      | Reached XP level 7. HP: 27/45 MP: 7/7
  3468 | D:4      | Reached skill level 9 in Stealth
  4866 | D:4      | Found a basalt altar of Yredelemnul.
  4868 | D:4      | Noticed a profane servitor
  4882 | D:4      | Found a glowing golden altar of the Shining One.
  4885 | D:4      | Noticed an angel
  5050 | D:4      | Found a roughly hewn altar of Beogh.
  5734 | D:5      | Entered Level 5 of the Dungeon
  5912 | D:5      | Reached XP level 8. HP: 52/52 MP: 8/8
  5916 | D:5      | Gained mutation: You possess an exceptional clarity of mind. [mutagenic meat]
  5917 | D:5      | Gained mutation: You occasionally shout uncontrollably at your foes. [mutagenic meat]
  5918 | D:5      | Gained mutation: Scrolls take you a little longer to read. [mutagenic meat]
  5919 | D:5      | Gained mutation: Your spells are a little easier to cast, but a little less powerful. [mutagenic meat]
  5920 | D:5      | Gained mutation: Your flesh is heat resistant. [mutagenic meat]
  5921 | D:5      | Gained mutation: You are clumsy. (Dex -2) [mutagenic meat]
  5937 | D:5      | Reached skill level 10 in Stealth
  6176 | D:5      | Gained mutation: You are robust (+10% HP). [potion of mutation]
  6177 | D:5      | Lost mutation: You possess an exceptional clarity of mind. [potion of cure mutation]
  6177 | D:5      | Lost mutation: Your flesh is heat resistant. [potion of cure mutation]
  6177 | D:5      | Lost mutation: You occasionally shout uncontrollably at your foes. [potion of cure mutation]
  6177 | D:5      | Lost mutation: Your spells are a little easier to cast, but a little less powerful. [potion of cure mutation]
  6594 | D:5      | HP: 2/59 [ice beast (13)]
  6749 | D:4      | HP: 1/59 [ice beast (2)]
  6749 | D:4      | Mangled by an ice beast

Vault maps used:
D:1:      dpeg_arrival_rhombus
D:2:      minmay_door_path
D:3:      grunt_temple_overflow_magic_moments, overflow_temple_1_default,
          xom_teletrap_fun
D:4:      lemuel_castle_with_subvaults, grunt_temple_overflow_holy_war,
          serial_shops, nicolae_shop_statue_plus, first_bread,
          kennysheep_orc_chapel
D:5:      minmay_temple_entry_fiery, serial_bayou_lagoon_b

Action                   |  1- 3 |  4- 6 |  7- 9 || total
-------------------------+-------+-------+-------++-------
Melee: Dagger            |    42 |       |       ||    42
       Short sword       |    11 |   122 |   121 ||   254
 Fire: Blowgun           |    18 |    36 |     5 ||    59
  Use: Scroll            |     2 |       |       ||     2
       Potion            |       |       |     8 ||     8
 Stab: Sleeping          |    10 |    10 |     2 ||    22
       Distracted        |     1 |       |     2 ||     3
  Eat: Chunk             |     2 |     6 |    15 ||    23
